Map: King's Cove LE

Players

Cham - Winner!

  • Race: Zerg Zerg
  • Spawn Location: 5:00

BratOK (Brat_OK)

  • Race: Terran Terran
  • Spawn Location: 11:00

Event: 2019 WCS Spring

VOD

Have the link to the VOD?

Description

Time

  • Played on: May 17, 2019, 9:42 a.m.
  • Length: 27:40

All games in this series

Show
View Real Time Build Order
Export as new Build Order

Cham Zerg - Winner!

Build Orders: Hatch First, Brood Lord Corruptor 

Get SALT Encoding   

  12  0:00  Drone  
  13  0:09  Drone  
  14  0:17  Overlord  
  14  0:36  Drone x2  
  16  0:48  Hatchery  
  15  0:52  Drone  
  15  0:56  Drone  
  17  1:10  Spawning Pool  
  16  1:13  Drone  
  16  1:15  Extractor  
  16  1:18  Drone  
  17  1:23  Drone  
  18  1:32  Drone  
  19  1:56  Overlord  
  19  1:57  Queen  
  19  1:59  Zergling x2  
  19  2:00  Queen, Zergling x2  
  25  2:02  Drone  
  26  2:11  Drone  
  26  2:14  Drone  
  28  2:26  Metabolic Boost  
  28  2:38  Hatchery  
  28  2:41  Drone x2  
  29  2:45  Drone x2  
  31  2:52  Queen  
  31  2:58  Overlord  
  33  3:00  Drone  
  33  3:03  Drone  
  35  3:10  Overlord  
  35  3:12  Drone  
  36  3:16  Drone x2  
  36  3:18  Drone  
  36  3:19  Drone  
  40  3:21  Drone  
  40  3:23  Drone  
  42  3:27  Overlord  
  42  3:31  Drone  
  43  3:36  Queen  
  45  3:43  Queen  
  45  3:45  Drone  
  45  3:46  Zergling x4  
  50  3:50  Zergling x4  
  50  3:51  Zergling x2  
  50  3:53  Zergling x2  
  50  3:55  Drone  
  55  4:00  Queen  
  55  4:02  Drone  
  58  4:04  Drone  
  58  4:07  Overlord  
  59  4:10  Drone  
  59  4:11  Drone  
  59  4:12  Drone  
  59  4:14  Drone  
  59  4:15  Drone  
  64  4:20  Queen  
  66  4:26  Spore Crawler  
  66  4:28  Spore Crawler, Baneling Nest  
  66  4:31  Spore Crawler  
  62  4:33  Spore Crawler  
  62  4:35  Overlord  
  61  4:40  Drone  
  61  4:41  Drone x2  
  64  4:47  Overlord  
  64  4:48  Drone x2  
  64  4:49  Drone  
  64  4:51  Overlord  
  67  4:56  Drone x2  
  67  4:58  Overlord  
  67  4:59  Zergling x2  
  70  5:06  Overlord  
  70  5:13  Baneling x5  
  70  5:14  Zergling x6  
  70  5:15  Zergling x4  
  74  5:23  Zergling x2  
  74  5:24  Zergling x4, Drone  
  74  5:27  Drone  
  75  5:29  Drone x2  
  75  5:32  Lair  
  75  5:35  Drone x3  
  74  5:39  Drone  
  74  5:40  Overlord  
  74  5:41  Drone  
  77  5:43  Drone  
  77  5:46  Overlord  
  77  5:47  Roach Warren  
  77  5:49  Extractor x2  
  75  5:51  Drone  
  75  5:54  Extractor  
  75  5:55  Overlord  
  75  5:58  Drone  
  75  5:59  Extractor  
  75  6:01  Overlord, Extractor  
  75  6:03  Evolution Chamber  
  73  6:04  Overlord  
  73  6:06  Drone  
  73  6:08  Drone x3  
  77  6:14  Drone x3  
  77  6:15  Overlord x2  
  80  6:19  Drone  
  80  6:20  Drone x2  
  81  6:38  Drone, Zerg Missile Weapons Level 1  
  81  6:39  Drone  
  84  6:40  Glial Reconstitution, Drone x5, Infestation Pit  
  84  6:44  Hatchery  
  84  6:46  Overlord  
  86  6:50  Overlord, Drone x2  
  86  6:51  Roach  
  86  6:53  Baneling  
  86  6:54  Baneling  
  90  6:58  Overseer  
  90  7:03  Queen  
  90  7:05  Overlord  
  90  7:06  Drone x5  
  97  7:09  Roach  
  97  7:14  Roach x3  
  105  7:18  Overlord  
  105  7:20  Drone x2  
  105  7:21  Drone x2  
  105  7:22  Drone  
  110  7:28  Overlord, Drone x2  
  112  7:31  Infestor  
  112  7:33  Infestor  
  112  7:34  Overlord  
  117  7:37  Drone x3  
  117  7:38  Overlord  
  117  7:46  Roach x2  
  117  7:50  Roach x2  
  121  7:51  Roach x2  
  121  7:57  Roach x2  
  126  8:02  Roach x2  
  123  8:08  Drone  
  123  8:09  Drone x5  
  123  8:11  Drone x2  
  123  8:21  Drone  
  123  8:22  Spire  
  123  8:23  Hive  
  123  8:29  Roach x2  
  123  8:30  Drone x2  
  123  8:31  Drone  
  123  8:33  Extractor  
  129  8:34  Extractor  
  129  8:38  Drone  
  129  8:40  Drone x7  
  136  8:43  Zerg Missile Weapons Level 2  
  136  8:47  Overlord  
  136  8:49  Roach x2  
  136  8:51  Zergling x4  
  142  8:57  Zergling x4  
  142  9:02  Roach x2  
  142  9:04  Roach x4  
  142  9:05  Roach  
  142  9:06  Ravager x3  
  142  9:07  Ravager x2  
  142  9:08  Zergling x4  
  157  9:14  Hatchery  
  156  9:18  Roach x3  
  156  9:20  Zergling x2  
  156  9:21  Zergling x2  
  156  9:24  Overlord  
  164  9:34  Overlord  
  164  9:35  Zergling x6  
  164  9:36  Overlord  
  164  9:37  Greater Spire  
  167  9:40  Zergling x4  
  167  9:44  Overlord  
  169  9:46  Corruptor x4  
  169  9:52  Corruptor  
  179  9:53  Corruptor  
  181  10:03  Corruptor x2  
  181  10:04  Corruptor x2  
  185  10:07  Infestor  
  185  10:10  Roach x2  
  165  10:21  Roach x3  
  165  10:22  Roach x3, Zergling x2  
  165  10:28  Zergling x4  
  173  10:35  Zergling x6  
  172  10:41  Drone x3  
  173  10:44  Drone x6  
  173  10:48  Drone x4  
  183  10:51  Drone x2  
  183  10:52  Drone  
  186  11:01  Brood Lord x2  
  190  11:08  Brood Lord x2  
  166  11:22  Drone x4  
  166  11:23  Extractor  
  161  11:26  Extractor, Brood Lord x5  
  161  11:27  Zergling x2  
  161  11:31  Viper x2  
  175  11:34  Zerg Flyer Weapons Level 1  
  175  11:38  Drone  
  175  11:39  Drone x2  
  178  11:43  Brood Lord  
  180  11:48  Corruptor x2  
  180  11:49  Spore Crawler x2  
  180  11:50  Drone x3  
  185  11:59  Corruptor x2  
  189  12:03  Corruptor  
  189  12:05  Corruptor  
  189  12:07  Drone x2  
  194  12:10  Corruptor  
  196  12:16  Hatchery  
  196  12:19  Corruptor x2  
  194  12:31  Drone x3  
  197  12:37  Spine Crawler  
  197  12:38  Drone x2, Spine Crawler  
  197  12:39  Drone  
  197  12:40  Spine Crawler  
  197  12:42  Spine Crawler  
  196  12:47  Brood Lord x2  
  196  12:48  Spore Crawler  
  196  12:49  Zerg Missile Weapons Level 3  
  199  12:53  Spine Crawler  
  199  12:55  Spine Crawler  
  199  12:57  Spine Crawler x2  
  195  12:58  Spine Crawler  
  195  13:00  Spine Crawler, Brood Lord x2  
  197  13:08  Brood Lord  
  198  13:37  Corruptor x5  
  198  13:45  Drone x3  
  198  13:46  Drone  
  200  13:50  Hatchery  
  199  14:00  Drone  
  198  14:24  Overseer  
  198  14:25  Zerg Flyer Weapons Level 2  
  198  14:29  Hatchery  
  197  14:34  Corruptor x7  
  168  15:14  Corruptor x9  
  168  15:16  Roach x3  
  173  15:25  Corruptor x2  
  171  15:29  Corruptor  
  166  15:42  Roach x3  
  167  15:43  Roach x5  
  167  15:46  Roach  
  167  15:49  Roach  
  172  15:52  Roach  
  172  15:54  Roach x2  
  162  15:58  Roach  
  162  16:02  Corruptor x2  
  164  16:06  Infestor  
  164  16:07  Infestor  
  168  16:13  Infestor x2  
  172  16:19  Infestor x2  
  172  16:21  Drone  
  172  16:22  Drone  
  172  16:23  Drone  
  179  16:35  Drone x3  
  179  16:37  Infestor x3  
  188  16:56  Corruptor x3  
  188  16:57  Corruptor x2  
  198  17:08  Spine Crawler  
  197  17:09  Corruptor  
  197  17:14  Overseer  
  197  17:15  Overseer  
  181  17:47  Viper x4  
  181  17:48  Viper  
  186  17:56  Viper  
  189  18:02  Extractor  
  189  18:03  Spore Crawler  
  187  18:08  Viper  
  187  18:09  Spore Crawler  
  187  18:10  Drone x3  
  187  18:12  Spore Crawler, Overlord  
  191  18:13  Spore Crawler  
  191  18:15  Spore Crawler, Zerg Flyer Weapons Level 3  
  189  18:24  Viper  
  192  18:27  Brood Lord  
  194  18:41  Spine Crawler  
  194  18:42  Spine Crawler  
  194  18:43  Hatchery, Brood Lord x2  
  195  18:55  Spore Crawler  
  194  18:56  Spore Crawler, Brood Lord  
  194  19:00  Corruptor, Brood Lord  
  195  19:26  Brood Lord  
  195  19:29  Corruptor  
  199  19:43  Spine Crawler x2  
  199  19:45  Drone x3  
  200  20:26  Corruptor x2  
  200  20:47  Spore Crawler  
  200  20:48  Spore Crawler  
  198  21:20  Roach  
  200  21:35  Zerg Flyer Armor Level 1  
  200  21:55  Overseer  
  186  23:00  Corruptor, Brood Lord x2  
  186  23:01  Corruptor x3, Brood Lord  
  181  23:22  Hatchery  
  180  23:33  Viper x5  
  180  23:34  Viper  
  192  23:36  Drone x2  
  200  24:10  Spine Crawler x2  
  198  24:19  Extractor  
  198  24:20  Extractor  
  196  24:31  Corruptor  
  196  24:32  Corruptor  
  200  24:46  Hatchery  
  156  25:27  Corruptor x10  
  156  25:28  Corruptor  
  166  25:29  Corruptor x4  
  166  25:33  Corruptor  
  176  25:38  Corruptor  
  178  25:47  Corruptor x3  
  178  25:48  Roach x4  
  192  25:53  Roach x2  
  192  25:54  Roach x2  
  191  26:48  Roach  
  191  26:49  Roach x2  
  193  27:01  Roach x3  
  197  27:08  Corruptor  
  197  27:13  Spore Crawler  
Show
View Real Time Build Order
Export as new Build Order

BratOK Terran 

Build Orders: Gas First Reaper Expand, Hellion Banshee 

Get SALT Encoding   

  12  0:00  SCV  
  13  0:12  SCV  
  14  0:18  Supply Depot  
  14  0:25  SCV  
  15  0:29  Refinery  
  15  0:39  SCV  
  16  0:45  Barracks  
  16  0:52  SCV  
  17  1:05  SCV  
  18  1:17  SCV  
  19  1:33  Reaper, Orbital Command  
  20  1:44  Command Center  
  20  1:55  Factory  
  20  1:59  SCV  
  21  2:05  Refinery  
  21  2:07  Barracks Reactor  
  21  2:11  SCV  
  22  2:17  Supply Depot  
  22  2:23  SCV  
  23  2:38  SCV  
  23  2:39  Starport  
  24  2:46  Hellion  
  24  2:50  SCV  
  24  2:51  Hellion  
  29  2:57  Orbital Command  
  29  3:02  SCV  
  30  3:06  Barracks Tech Lab  
  30  3:10  Hellion  
  32  3:13  Hellion  
  34  3:21  SCV  
  34  3:25  SCV  
  36  3:33  Banshee, Cloaking Field  
  39  3:38  SCV  
  39  3:40  SCV  
  39  3:41  Supply Depot  
  41  3:45  Hellion  
  43  3:49  Hellion  
  43  3:53  SCV  
  46  4:02  SCV, Marine  
  48  4:04  Supply Depot  
  48  4:09  SCV  
  49  4:10  Supply Depot  
  49  4:15  SCV  
  49  4:16  Banshee  
  53  4:21  SCV  
  54  4:26  Hellion x2  
  54  4:30  SCV  
  59  4:33  SCV  
  59  4:36  Command Center  
  60  4:42  SCV  
  61  4:45  SCV  
  61  4:48  Hellion  
  61  4:49  Hellion  
  61  4:51  Supply Depot  
  66  4:54  SCV  
  66  4:58  SCV  
  68  5:06  SCV  
  69  5:11  SCV  
  69  5:13  Hellion x2  
  74  5:18  SCV  
  75  5:23  SCV  
  69  5:30  SCV  
  69  5:32  Supply Depot  
  69  5:34  Hellion x2  
  69  5:35  SCV  
  72  5:39  Viking  
  72  5:42  SCV  
  72  5:46  Barracks Tech Lab  
  72  5:48  Refinery  
  72  5:49  Refinery  
  72  5:51  Factory  
  72  5:55  SCV x2, Hellion, Factory, Supply Depot  
  72  5:56  Orbital Command, Factory  
  76  5:58  Factory  
  76  6:02  Armory  
  76  6:07  SCV  
  76  6:08  SCV  
  78  6:20  SCV x2  
  78  6:22  Hellion x2  
  84  6:27  Starport Reactor  
  84  6:29  Barracks Reactor  
  84  6:32  SCV x3  
  87  6:38  Supply Depot  
  87  6:39  Supply Depot  
  87  6:43  Hellion x2  
  87  6:44  SCV x3  
  87  6:46  Factory Tech Lab  
  94  6:52  Cyclone x2  
  94  6:53  Terran Vehicle And Ship Armor Level 1  
  94  6:54  Infernal Pre-Igniter  
  100  6:56  SCV x2  
  100  6:58  SCV  
  103  7:04  Supply Depot  
  103  7:06  Supply Depot  
  103  7:08  SCV x2  
  105  7:13  Cyclone  
  105  7:14  Hellion x2, Mag-Field Accelerator  
  112  7:18  SCV  
  112  7:20  SCV  
  114  7:24  Cyclone  
  114  7:29  Hellion, Cyclone  
  118  7:30  SCV, Hellion  
  118  7:31  SCV  
  118  7:35  Hellion, Engineering Bay  
  118  7:36  Refinery x2  
  122  7:45  SCV, Cyclone  
  122  7:46  SCV  
  122  7:47  SCV  
  128  7:56  Hellion x2, Cyclone  
  128  7:57  SCV  
  132  7:58  SCV  
  132  7:59  SCV  
  132  8:01  Cyclone  
  132  8:02  Command Center  
  135  8:09  SCV  
  135  8:11  SCV  
  131  8:14  SCV  
  131  8:15  Supply Depot  
  131  8:17  Supply Depot  
  131  8:18  Cyclone  
  131  8:19  Hellion x4  
  137  8:20  Liberator x2  
  137  8:28  Cyclone  
  137  8:31  Supply Depot  
  140  8:34  Supply Depot  
  140  8:38  Missile Turret  
  140  8:40  Cyclone  
  153  8:41  Hellion x2  
  153  8:47  Supply Depot  
  153  8:48  Supply Depot  
  153  8:50  Terran Vehicle And Ship Armor Level 2  
  153  8:53  Cyclone  
  153  8:54  Hellion  
  148  9:06  Cyclone  
  148  9:07  Hellion x2  
  153  9:12  Cyclone  
  156  9:22  Command Center  
  158  9:24  Hellion x2  
  158  9:26  Cyclone  
  163  9:33  Factory  
  163  9:36  Factory  
  163  9:38  Cyclone  
  163  9:39  Barracks Reactor  
  163  9:43  Orbital Command  
  163  9:45  Factory, Refinery  
  166  9:49  Refinery  
  166  9:50  Cyclone  
  169  9:58  Cyclone  
  172  10:00  Command Center  
  172  10:07  SCV  
  172  10:10  Hellion, Cyclone  
  173  10:20  Hellion  
  173  10:21  Hellion  
  175  10:22  Cyclone  
  163  10:30  Cyclone  
  161  10:38  Factory Tech Lab  
  161  10:39  Factory Tech Lab  
  161  10:42  Planetary Fortress  
  157  10:43  Cyclone  
  157  10:48  Command Center  
  157  10:49  Hellion x3, Smart Servos  
  162  10:54  Starport, Cyclone  
  162  10:56  Refinery  
  165  10:57  Starport, Refinery  
  165  11:01  Cyclone x2  
  165  11:02  Hellion x2, Cyclone  
  176  11:15  Cyclone, Widow Mine  
  155  11:23  Hellion  
  155  11:24  Hellion  
  151  11:26  Cyclone  
  151  11:29  Terran Vehicle Weapons Level 1  
  154  11:33  Cyclone x2  
  154  11:34  Cyclone, Command Center  
  154  11:38  Hellion x2  
  167  11:43  Starport Reactor, Starport Tech Lab  
  167  11:45  SCV x3  
  173  11:47  Cyclone  
  173  11:58  Cyclone  
  173  11:59  Hellion  
  173  12:00  Hellion x2  
  182  12:05  Cyclone x2  
  182  12:06  Cyclone  
  182  12:08  Viking x2  
  191  12:19  Cyclone  
  191  12:22  Orbital Command  
  194  12:30  Cyclone  
  194  12:34  Viking x2  
  195  12:37  Cyclone  
  195  12:40  Planetary Fortress, Command Center  
  198  12:48  Drilling Claws  
  198  12:53  Fusion Core  
  198  12:58  Refinery  
  198  13:00  Refinery  
  198  13:01  Hellion  
  198  13:05  Starport  
  200  13:10  Starport  
  189  13:48  Cyclone x4  
  189  13:49  Viking x2  
  196  13:57  Cyclone  
  196  13:58  Hellion  
  196  14:02  Starport Reactor x2  
  181  14:04  Orbital Command  
  181  14:09  Terran Ship Weapons Level 1  
  175  14:10  Advanced Ballistics  
  175  14:16  Orbital Command  
  175  14:20  Cyclone x2, Command Center  
  175  14:23  Viking x3  
  187  14:26  Cyclone x2  
  189  14:34  Viking x2  
  193  14:43  Viking x2  
  193  14:45  Cyclone  
  197  14:57  Viking  
  199  15:06  Viking  
  175  15:08  Cyclone x2  
  175  15:09  Hellion x2  
  175  15:11  Hellion, Cyclone x2  
  160  15:14  Viking  
  160  15:17  Hellion x2, Cyclone  
  139  15:29  Orbital Command  
  139  15:32  Hellion  
  130  16:03  Terran Vehicle And Ship Armor Level 3  
  127  16:05  SCV x2  
  127  16:11  Thor x5  
  105  16:15  Hellion x4  
  105  16:18  SCV x4  
  140  16:20  Liberator  
  140  16:21  Liberator x3  
  141  16:33  Neosteel Armor  
  141  16:37  Liberator  
  153  16:40  SCV x2  
  153  16:41  SCV x2  
  157  16:51  Missile Turret, Sensor Tower  
  157  16:54  Missile Turret, Thor x3  
  155  17:00  Liberator x4  
  170  17:06  Liberator  
  170  17:12  Armory  
  185  17:30  Cyclone  
  185  17:31  Hellion x2, Cyclone  
  192  17:38  Liberator  
  192  17:41  Thor x2  
  198  17:49  Orbital Command  
  194  18:00  Factory Tech Lab  
  194  18:20  Sensor Tower  
  194  18:21  Missile Turret  
  194  18:22  Missile Turret  
  194  18:24  Command Center x2  
  194  18:26  Command Center  
  194  18:33  Command Center, Liberator x2  
  194  18:35  Missile Turret  
  194  18:38  Terran Ship Weapons Level 2  
  194  18:39  Missile Turret  
  194  18:43  Hi-Sec Auto Tracking  
  194  18:47  Factory Reactor  
  200  19:10  Terran Vehicle Weapons Level 2  
  197  19:21  Missile Turret  
  197  19:23  Missile Turret  
  193  19:26  Starport  
  193  19:28  Starport  
  190  19:40  Liberator x3  
  190  19:43  Command Center  
  190  19:45  Command Center  
  190  19:47  Barracks  
  190  19:52  Planetary Fortress  
  190  19:54  Missile Turret  
  199  20:04  Liberator x3  
  199  20:05  Liberator x3  
  182  20:23  Liberator  
  199  20:38  Planetary Fortress  
  199  20:50  Orbital Command x2  
  193  21:31  Hellion x4  
  193  21:32  Hellion x2  
  196  21:59  Terran Ship Weapons Level 3  
  196  22:00  Terran Vehicle Weapons Level 3  
  193  22:14  Hellion x2  
  193  22:15  Hellion  
  184  22:59  Thor  
  184  23:00  Thor  
  196  23:21  Thor  
  196  23:22  Viking x2  
  191  23:42  Planetary Fortress  
  191  23:44  Missile Turret  
  191  23:48  Missile Turret  
  187  24:04  Hellion x4  
  187  24:10  Viking x2  
  191  24:21  Missile Turret  
  191  24:29  Viking  
  193  24:49  Missile Turret  
  187  24:55  Viking  
  181  25:01  Viking  
  181  25:02  Viking  
  171  25:09  Viking x3  
  162  25:18  Thor x2  
  162  25:19  Hellion x2  
  158  25:28  Thor x2  
  139  25:29  Viking x2, Hellion x3  
  139  25:30  Viking  
  133  25:42  Viking x2  
  133  25:47  Hellion  
  133  25:48  Hellion x2  
  137  25:50  Hellion  
  137  26:02  Orbital Command  
  134  26:11  Viking  
  134  26:12  Viking x3  
  142  26:24  Viking  
  138  26:32  Viking x2  
  140  26:33  Viking x2  
  137  26:56  Thor x2  
  148  27:05  Orbital Command  
  142  27:19  Hellion x2  
Tags
 
Add a new tag
Caveats
  • Supply blocks, unpowered buildings, or Contaminate may cause inaccurate times.
  • Supply counts are checked every 10 seconds.